[Event "Late-Titled-Tuesday-Blitz-October-24-2023"]
[Site "Chess.com"]
[Date "2023.10.24"]
[Round "1"]
[White "karinachess1"]
[Black "PushingpawnsNYC"]
[Result "1-0"]
[WhiteElo "2645"]
[BlackElo "2338"]
[TimeControl "180+1"]
[EndTime "14:06:51 PDT"]
[Termination "karinachess1 won on time"]

1. d4 g6 2. e4 Bg7 3. Nc3 b6 4. Be3 Bb7 5. f3 a6 6. h4 h5 7.
Nh3 d6 8. Qd2 e6 9. Ng5 b5 10.
Be2 Nf6 11. a4 b4 12. Nd1 a5 13. Nf2 Nbd7 14. Rd1 Qe7 15. c3 bxc3 16. bxc3 O-O 17. O-O c5 18. Bb5 Rfd8 19. Rb1 Nf8 20. Rfd1 cxd4 21.
cxd4 d5 22. e5 N6h7 23. Rdc1 Rdc8 24. Rxc8 Bxc8 25. Rc1 Nxg5 26. Bxg5 f6 27. exf6 Bxf6 28. Bxf6 Qxf6 29. Rc7 Qd8 30. Qc1 Bd7 31. Nd3 Bxb5 32. axb5 a4 33. b6 a3 34. b7 Rb8 35. Rc8 Qb6 36. Qxa3 Qxd4+ 37. Nf2 Rxb7 38. Qxf8+ 1-0

[Event "Late-Titled-Tuesday-Blitz-October-24-2023"]
[Site "Chess.com"]
[Date "2023.10.24"]
[Round "1"]
[White "AndresDelgado77"]
[Black "ArtemDyachuk"]
[Result "0-1"]
[WhiteElo "2338"]
[BlackElo "2642"]
[TimeControl "180+1"]
[EndTime "14:06:54 PDT"]
[Termination "ArtemDyachuk won on time"]

1. e4 c5 2. Nf3 d6 3. d4 cxd4 4.
Qxd4 Nf6 5. e5 dxe5 6. Qxd8+ Kxd8 7. Bc4 Nc6 8. Ng5 Nd4 9. Nxf7+ Kc7 10. Na3 e6 11. c3 Bxa3 12. cxd4 Bb4+ 13. Bd2 Bxd2+ 14. Kxd2 Rf8 15. Nxe5 Ne4+ 16. Ke3 Nd6 17. Rac1 Kd8 18. Bd3 b6 19. Rc6 Ne8 20. Be4 Bb7 21. Rxe6 Bxe4 22. Kxe4 Rxf2 23. d5 Nf6+ 24. Kd4 Rd2+ 25. Ke3 Rxd5 26. Rc1 Rc8 27. Nf7+ Kd7 28. Rxc8 Kxe6 29.
Nd8+ Kd7 30. Ra8 Ra5 31. a3 Rb5 32. b4 a5 33. bxa5 bxa5 0-1

[Event "Late-Titled-Tuesday-Blitz-October-24-2023"]
[Site "Chess.com"]
[Date "2023.10.24"]
[Round "1"]
[White "Fandorine"]
[Black "Chess_Caio2007"]
[Result "1-0"]
[WhiteElo "2904"]
[BlackElo "2503"]
[TimeControl "180+1"]
[EndTime "14:06:55 PDT"]
[Termination "Fandorine won by resignation"]

1. Nf3 Nf6 2. b3 g6 3. Bb2 Bg7 4. c4 c5 5. g3 Nc6 6. Bg2 O-O 7. O-O d5 8. cxd5 Nxd5 9. Bxg7 Kxg7 10. d4 cxd4 11.
Nxd4 Nxd4 12. Qxd4+ Nf6 13. Qe5 Qb6 14. Nc3 Bd7 15.
Nd5 Qe6 16. Qxe6 Bxe6 17. Nxf6 Kxf6 18. Bxb7 Rab8 19. Ba6 Rb6 20. Bd3 a5 21. Rfc1 Rb4 22. Rc6 a4 23. Bc4 axb3 24. axb3 Rc8 25. Raa6 Rxc6 26.
Rxc6 g5 27. f3 Ke5 28. Bxe6 fxe6 29. Rc3 h5 30. Kf2 Kf5 31. h3 e5 32. g4+ hxg4 33.
hxg4+ Ke6 34. e4 Rd4 35. Ke3 Rd1 36. Rd3 Rb1 37. Kd2 Rb2+ 38. Kc3 Rb1 39. b4 Rc1+ 40. Kb3 Rb1+ 41. Kc4 1-0

[Event "Late-Titled-Tuesday-Blitz-October-24-2023"]
[Site "Chess.com"]
[Date "2023.10.24"]
[Round "1"]
[White "ikhasu"]
[Black "hblanco"]
[Result "0-1"]
[WhiteElo "2410"]
[BlackElo "2736"]
[TimeControl "180+1"]
[EndTime "14:06:58 PDT"]
[Termination "hblanco won on time"]

1. d4 d5 2. Bf4 Nf6 3. e3 e6 4.
Nd2 Bd6 5. Ngf3 O-O 6. Bd3 b6 7. Qe2 Bb7 8. Bg3 Ne4 9. Bxd6 cxd6 10. O-O Nd7 11. c4 Nxd2 12. Nxd2 dxc4 13. Nxc4 Nf6 14. Rfd1 Rc8 15. Rac1 Qe7 16. b3 g6 17. Qb2 h5 18.
Qa3 Rfd8 19. Qxa7 Ra8 20. Qxb6 Rxa2 21. Ra1 Nd5 22. Qxd8+ Qxd8 23. Rxa2 Nc3 24. Ra7 Nxd1 25. Rxb7 Qa8 26. Nxd6 Qa1 27. Bf1 f5 28. Rb8+ Kg7 29.
Rb7+ Kf8 30. Rf7+ Kg8 31. Rd7 Qa2 32. h3 Qxf2+ 33. Kh2 Nxe3 34. Ne8 Nxf1+ 35. Kh1 Ng3+ 36. Kh2 Ne4 37. Rg7+ Kf8 0-1

[Event "Late-Titled-Tuesday-Blitz-October-24-2023"]
[Site "Chess.com"]
[Date "2023.10.24"]
[Round "1"]
[White "Nor1lsk"]
[Black "victormago"]
[Result "1-0"]
[WhiteElo "2733"]
[BlackElo "2412"]
[TimeControl "180+1"]
[EndTime "14:06:59 PDT"]
[Termination "Nor1lsk won on time"]

1. e4 c5 2. d3 Nc6 3. g3 d6 4.
Bg2 g6 5. f4 Bg7 6. Nf3 e6 7. O-O Nge7 8. c3 O-O 9. Be3 Rb8 10.
Bf2 b5 11. d4 cxd4 12. cxd4 d5 13. e5 a5 14. Nc3 a4 15. Re1 Na5 16. g4 Qb6 17. Bh3 Nc4 18. b3 axb3 19. axb3 Na5 20. Bh4 Nec6 21. f5 Nxb3 22. f6 Nxa1 23. fxg7 Re8 24.
Ne2 Ra8 25. Qd2 Nb3 26. Qe3 Ra3 27. Bf2 Qa6 28. Qh6 Nbxd4 29. Nexd4 Nxd4 30. Nxd4 Ra1 31. Nf3 Rxe1+ 32. Bxe1 f6 33. exf6 Qa7+ 34. Bf2 Qa1+ 35. Kg2 Qxf6 36. Qc1 Qxg7 37. Bd4 1-0

[Event "Late-Titled-Tuesday-Blitz-October-24-2023"]
[Site "Chess.com"]
[Date "2023.10.24"]
[Round "1"]
[White "Nekoo04"]
[Black "dimitrisl"]
[Result "0-1"]
[WhiteElo "2252"]
[BlackElo "2600"]
[TimeControl "180+1"]
[EndTime "14:06:59 PDT"]
[Termination "dimitrisl won by checkmate"]

1. d4 Nf6 2. c4 g6 3. Nc3 Bg7 4.
e4 d6 5. Nf3 O-O 6. Be2 Nbd7 7.
O-O e5 8. d5 Nc5 9. Qc2 a5 10.
Bg5 h6 11. Be3 b6 12. Nd2 Ng4 13. Bxg4 Bxg4 14. a3 a4 15. Bxc5 dxc5 16. Nxa4 Bd7 17. Nc3 f5 18. b4 Qe7 19. Qb3 h5 20. Nb5 Bh6 21. Rad1 h4 22. Nxc7 Ba4 23. Qh3 Qxc7 24. Qxh4 Bxd1 25. Qxh6 Bh5 26. exf5 Qg7 27. Qe3 gxf5 28.
bxc5 f4 29. Qc3 bxc5 30. Ne4 f3 31. g3 Rac8 32. Rd1 Qg4 33. Qxe5 Qh3 34. Nf6+ Rxf6 35. Qxf6 Qg2# 0-1

[Event "Late-Titled-Tuesday-Blitz-October-24-2023"]
[Site "Chess.com"]
[Date "2023.10.24"]
[Round "1"]
[White "RETURNOFTHELAGGER"]
[Black "Good_Knight_Kiss"]
[Result "1-0"]
[WhiteElo "2678"]
[BlackElo "2377"]
[TimeControl "180+1"]
[EndTime "14:07:02 PDT"]
[Termination "RETURNOFTHELAGGER won on time"]

1. e4 c5 2. Nf3 d6 3. d4 cxd4 4. Nxd4 Nf6 5. Nc3 a6 6. Be2 e5 7. Nb3 Be7 8. O-O O-O 9. Be3 Be6 10. Qd2 Nbd7 11. a4 Qc7 12. a5 h6 13. f3 Nc5 14.
Nxc5 dxc5 15. Nd5 Bxd5 16. exd5 c4 17. Ra4 Bc5 18. Bxc4 Rfd8 19. Rd1 Rd6 20. Kh1 Rad8 21. Bb3 Nxd5 22. Bxc5 Qxc5 23. Qe1 Nf4 24. Rxd6 Qxd6 25.
Re4 Qd2 26. Qxd2 Rxd2 27. h3 Nxg2 28. Rxe5 Nh4 29. Re8+ Kh7 30. Re3 f5 31. Rd3 Rxd3 32. cxd3 Nxf3 33. Bd5 Ne5 34. Bxb7 Nxd3 35. Bxa6 Nb4 36. Bb7 g5 37. a6 1-0

[Event "Late-Titled-Tuesday-Blitz-October-24-2023"]
[Site "Chess.com"]
[Date "2023.10.24"]
[Round "1"]
[White "cassoulet"]
[Black "Roedor"]
[Result "1-0"]
[WhiteElo "2789"]
[BlackElo "2450"]
[TimeControl "180+1"]
[EndTime "14:07:03 PDT"]
[Termination "cassoulet won by resignation"]

1. d4 Nf6 2. Bg5 d5 3. Bxf6 gxf6 4. e3 c5 5. Nf3 Nc6 6. Nbd2 cxd4 7. exd4 Bg4 8. c3 e6 9. Bb5 Rc8 10. Qa4 Qb6 11.
O-O-O a6 12. Be2 Bh5 13. Kb1 Bg6+ 14. Ka1 Be7 15. Nh4 Kf8 16. f4 f5 17. Nhf3 Bh5 18.
Rhe1 Rg8 19. g3 Qa5 20. Qxa5 Nxa5 21. Ne5 Bxe2 22. Rxe2 Nc6 23. Ndf3 Bf6 24. Nd7+ Kg7 25. Nc5 Rc7 26. Rxe6 Ra8 27. Rd6 b6 28. Nd7 Be7 29.
Rxd5 Rd8 30. Nxb6 Rb8 31. Na4 Kg6 32. Nc5 Rb6 33. Nd7 Rb5 34. Nde5+ Nxe5 35. dxe5 h5 36. Rxb5 axb5 37. Kb1 h4 38. gxh4 Rc4 39. Rd4 Rc5 40. Kc2 Kh5 41. Rd7 Bf8 42. Rxf7 Bh6 43. Nd4 Kg4 44.
Rxf5 b4 45. Rf6 Bxf4 46. h3+ Kg3 47. Ne2+ Kf3 48. Nxf4 Ke4 49. Nd3 Rd5 50. Rf4+ Ke3 51. Rd4 Ra5 52. Nxb4 Rxe5 53. a4 Ke2 54. Kb3 Re3 55.
a5 Rxh3 56. a6 1-0

[Event "Late-Titled-Tuesday-Blitz-October-24-2023"]
[Site "Chess.com"]
[Date "2023.10.24"]
[Round "1"]
[White "baag"]
[Black "ural58"]
[Result "1-0"]
[WhiteElo "2870"]
[BlackElo "2493"]
[TimeControl "180+1"]
[EndTime "14:07:05 PDT"]
[Termination "baag won by resignation"]

1. d4 d5 2. c4 e5 3. dxe5 d4 4. Nf3 Nc6 5. a3 g6 6. g3 Bg7 7. Bg2 Nxe5 8. Nxd4 c5 9. Nb5 Qxd1+ 10. Kxd1 Kf8 11.
Be3 Nxc4 12. Bxc5+ Ne7 13. Nc7 Nxb2+ 14. Ke1 Na4 15.
Bb4 Bxa1 16. Nxa8 Bf6 17. Nc7 Kg7 18. e3 Nc6 19. Bd2 Bf5 20. Ke2 Rd8 21. Nd5 Bg4+ 22. f3 Rxd5 23. fxg4 Rb5 24. Rc1 Ne5 25. h3 Rb2 26.
Bd5 Nb6 27. e4 Nxd5 28. exd5 Rb6 29. Nc3 a6 30. Ne4 Bd8 31. Bc3 f6 32. g5 Nd7 33.
Rf1 h6 34. gxf6+ Nxf6 35. d6 Rb3 36. Bxf6+ Bxf6 37. Rxf6 Rxa3 38. d7 Ra2+ 39. Ke3 Ra3+ 40. Ke2 Ra2+ 41. Nd2 Kxf6 42. d8=Q+ 1-0

[Event "Late-Titled-Tuesday-Blitz-October-24-2023"]
[Site "Chess.com"]
[Date "2023.10.24"]
[Round "1"]
[White "MajorCoast"]
[Black "Karttunen"]
[Result "1-0"]
[WhiteElo "2263"]
[BlackElo "2581"]
[TimeControl "180+1"]
[EndTime "14:07:05 PDT"]
[Termination "MajorCoast won by resignation"]

1. d4 Nf6 2. Nf3 e6 3. Bf4 d5 4.
e3 Bd6 5. Bg3 c5 6. c3 Nc6 7.
Nbd2 O-O 8. Bd3 h6 9. O-O Bxg3 10.
hxg3 Qd6 11. e4 dxe4 12. Nxe4 Nxe4 13. Bxe4 cxd4 14. Nxd4 Nxd4 15. Qxd4 Qxd4 16. cxd4 Rd8 17. Rfd1 Bd7 18. d5 e5 19. d6 Rac8 20. Rac1 Bc6 21.
Bxc6 Rxc6 22. Rxc6 bxc6 23. d7 Kf8 24. Rd6 Ke7 25.
Rxc6 Rxd7 26. Kf1 Rb7 27. b3 Kd7 28. Rc2 Rb6 29. Ke2 Ra6 30. Ke3 f5 31. a4 h5 32.
Rc5 Kd6 33. Rb5 g6 34. f3 Rb6 35. Rxb6+ axb6 36. b4 Kd5 37. Kd3 g5 38. a5 bxa5 39.
bxa5 Kc5 40. a6 Kb6 41. a7 Kxa7 42. Kc4 Kb6 43. Kd5 e4 44. fxe4 fxe4 45. Kxe4 h4 46. g4 Kc6 47. Kf5 1-0

[Event "Late-Titled-Tuesday-Blitz-October-24-2023"]
[Site "Chess.com"]
[Date "2023.10.24"]
[Round "1"]
[White "MidnightFox"]
[Black "MikaelyanArman"]
[Result "0-1"]
[WhiteElo "2504"]
[BlackElo "2911"]
[TimeControl "180+1"]
[EndTime "14:07:06 PDT"]
[Termination "MikaelyanArman won by resignation"]

1. d4 Nf6 2. c4 e6 3. g3 c5 4. d5 exd5 5. cxd5 d6 6. Nc3 g6 7.
Bg2 Bg7 8. Nf3 O-O 9. O-O Nbd7 10. a4 Re8 11. Nd2 Ne5 12. h3 Nh5 13. Kh2 f5 14. Ra3 f4 15. Nce4 fxg3+ 16. fxg3 Bf5 17. Rb3 Qd7 18. Ng5 Rab8 19. Ne6 Bxe6 20. dxe6 Qxe6 21. Ra3 Kh8 22. Ne4 Rbd8 23. Ng5 Qe7 24. Bd5 Rf8 25.
Rb3 Rxf1 26. Qxf1 b6 27. Re3 Rf8 28. Nf3 Nxf3+ 29. exf3 Qg5 30. g4 Qxd5 31. gxh5 Qxh5 32. Bd2 Be5+ 33. Kh1 Bd4 34. Rd3 Qf5 35. Bc3 Bxc3 36. bxc3 Rf6 37. Re3 Re6 38. Rxe6 Qxe6 39. Kg2 Kg7 40. Qd3 d5 41. Qa6 Qd7 42. Qd3 h5 43. Qe3 d4 44. Qe5+ Kh7 45. cxd4 cxd4 46. Qe2 d3 47. Qd2 a6 48. h4 b5 49. axb5 axb5 50.
Kg3 b4 51. Qxb4 d2 52. Qxd2 Qxd2 53. f4 Qe3+ 54. Kg2 Qxf4 55. Kh3 Qg4+ 56. Kh2 Qxh4+ 0-1

[Event "Late-Titled-Tuesday-Blitz-October-24-2023"]
[Site "Chess.com"]
[Date "2023.10.24"]
[Round "1"]
[White "nochewycandy"]
[Black "ShahxaibKhan"]
[Result "1-0"]
[WhiteElo "2747"]
[BlackElo "2423"]
[TimeControl "180+1"]
[EndTime "14:07:07 PDT"]
[Termination "nochewycandy won on time"]

1. e4 d5 2. exd5 Nf6 3. d4 Nxd5 4. c4 Nb6 5. Nf3 g6 6. Nc3 Bg7 7. Be3 O-O 8. Qd2 Nc6 9. h3 e5 10. d5 Nb8 11. c5 N6d7 12. Bc4 f5 13. d6+ Kh8 14. Bg5 Bf6 15. Nd5 cxd6 16. Nxf6 Nxf6 17.
Nxe5 Re8 18. f4 Nc6 19. O-O-O Kg7 20. Qxd6 Qxd6 21. cxd6 Nd7 22. Nxc6 bxc6 23. Rhe1 Bb7 24. Re7+ Rxe7 25. dxe7 Nb6 26. Bb3 h6 27. Bh4 Re8 28.
Rd8 g5 29. Rxe8 gxh4 30. Rg8+ Kf6 31. e8=Q 1-0

[Event "Late-Titled-Tuesday-Blitz-October-24-2023"]
[Site "Chess.com"]
[Date "2023.10.24"]
[Round "1"]
[White "SchmakAttack"]
[Black "cthulhuuu"]
[Result "1-0"]
[WhiteElo "2757"]
[BlackElo "2426"]
[TimeControl "180+1"]
[EndTime "14:07:08 PDT"]
[Termination "SchmakAttack won on time"]

1. c4 Nf6 2. Nc3 g6 3. g3 Bg7 4. Bg2 O-O 5. e4 d6 6. Nge2 c5 7. O-O Nc6 8. d3 Rb8 9. h3 b6 10. Be3 Nd7 11. d4 cxd4 12. Nxd4 Bb7 13. Rc1 Nc5 14. Qd2 Ne5 15. b3 Qd7 16. Rcd1 a6 17. f4 Nc6 18. Nd5 b5 19. cxb5 axb5 20. f5 Ne5 21. Bg5 Bxd5 22. exd5 Ra8 23. Nc6 Nxc6 24.
dxc6 Qa7 25. Kh2 f6 26. Be3 Qxa2 27. Bxc5 dxc5 28. c7 Qxd2 29. Rxd2 Rac8 30. Rd7 gxf5 31. Rxe7 1-0

[Event "Late-Titled-Tuesday-Blitz-October-24-2023"]
[Site "Chess.com"]
[Date "2023.10.24"]
[Round "1"]
[White "dianamirza"]
[Black "vangulio"]
[Result "0-1"]
[WhiteElo "1999"]
[BlackElo "2549"]
[TimeControl "180+1"]
[EndTime "14:07:10 PDT"]
[Termination "vangulio won by resignation"]

1. e4 c5 2. c4 Nc6 3. Nc3 g6 4.
g3 Bg7 5. Bg2 e6 6. Nge2 Nge7 7.
O-O O-O 8. d3 d6 9. Be3 Nd4 10.
Qd2 Rb8 11. f4 a6 12. Rab1 b5 13. b3 Bb7 14. g4 f5 15. g5 d5 16. cxd5 exd5 17. e5 Nxe2+ 18. Nxe2 d4 19. Bf2 Qd7 20. Rbc1 Rbc8 21. b4 Bxg2 22. Kxg2 cxb4 23. Qxb4 Nc6 24. Qb3+ Kh8 25. Rc5 Nxe5 26. Rxc8 Qb7+ 27. Kh3 Qf3+ 28. Ng3 Rxc8 29. fxe5 Qg4+ 30. Kg2 f4 31. Be1 fxg3 32. Bxg3 Bxe5 33. Rf7 Qxg5 34. Qe6 Rc2+ 35. Kf1 Rc1+ 36. Be1 Rxe1+ 37. Kxe1 Qe3+ 38. Kf1 Qxd3+ 39. Kg2 Qe4+ 40. Kg1 Bxh2+ 41. Kxh2 Qxe6 42. Rf8+ Kg7 0-1

[Event "Late-Titled-Tuesday-Blitz-October-24-2023"]
[Site "Chess.com"]
[Date "2023.10.24"]
[Round "1"]
[White "Blitzstream"]
[Black "Truequitos"]
[Result "1-0"]
[WhiteElo "2815"]
[BlackElo "2466"]
[TimeControl "180+1"]
[EndTime "14:07:11 PDT"]
[Termination "Blitzstream won by resignation"]

1. d4 d5 2. Bf4 c5 3. e3 Qb6 4.
Nc3 e6 5. Nb5 Na6 6. a4 cxd4 7.
exd4 Bd7 8. Nf3 Nf6 9. Bd3 Be7 10. O-O O-O 11. c3 Rfc8 12. Ne5 Be8 13. Qf3 Qd8 14. Rfe1 Nc7 15. Qh3 Nxb5 16. axb5 g6 17. Bg5 Nd7 18. Bxe7 Qxe7 19. Ng4 Qg5 20. g3 h5 21. Ne5 Nxe5 22.
Rxe5 Qf6 23. f4 Bd7 24. Qf1 Kg7 25. Qe2 Rh8 26. h4 Rhc8 27. Rg5 Kf8 28. Kh2 Rc7 29. Re5 b6 30. Qf3 Kg7 31. Rg5 Rac8 32. Qxh5 Rh8 33.
Qf3 Kf8 34. Kg2 Be8 35. Rh1 Ke7 36. Qe3 Kd8 37. Qe5 Qxe5 38. fxe5 Ke7 39. Rg4 Bd7 40. Rf4 Rcc8 41. Rf6 Rcg8 42. Rhf1 Rg7 43. Kf3 g5 44.
hxg5 Rxg5 45. Kg2 Rhg8 46. Rxf7+ Ke8 47. R7f3 Ke7 48. Rf7+ Ke8 49. R1f3 Rxg3+ 50. Rxg3 Rxg3+ 51. Kxg3 Kxf7 52. Kf4 Kg7 53. Kg5 Be8 54. b3 Bd7 55. c4 Be8 56. c5 bxc5 57. dxc5 d4 58. c6 Kf8 59. Kf6 1-0

[Event "Late-Titled-Tuesday-Blitz-October-24-2023"]
[Site "Chess.com"]
[Date "2023.10.24"]
[Round "1"]
[White "Schwindle"]
[Black "BeanScreen"]
[Result "1-0"]
[WhiteElo "2427"]
[BlackElo "2709"]
[TimeControl "180+1"]
[EndTime "14:07:11 PDT"]
[Termination "Schwindle won on time"]

1. e4 e5 2. Nf3 Nc6 3. Bc4 Nf6 4. d3 Be7 5. O-O O-O 6. c3 d5 7. exd5 Nxd5 8. h3 Bf5 9. Qe2 Nb6 10. Rd1 Nxc4 11.
dxc4 Qe8 12. Nbd2 Rd8 13. b3 Bd3 14. Qe3 f5 15. Nxe5 f4 16. Qe1 Bc2 17. Nxc6 Qxc6 18. Qxe7 Bxd1 19. Nf1 Rde8 20. Qb4 Re2 21. Ba3 Rd8 22.
Rxd1 Rde8 23. Nh2 Qg6 24. Nf3 Qc2 25. Rf1 Qxa2 26. Bc1 b6 27. Bxf4 h6 28. Bxc7 Rb2 29. Qd6 Qxb3 30. Qd5+ Kh8 31. Be5 Qc2 32. Qc6 Rf8 33.
Qxh6+ Qh7 34. Qg5 1-0

[Event "Late-Titled-Tuesday-Blitz-October-24-2023"]
[Site "Chess.com"]
[Date "2023.10.24"]
[Round "1"]
[White "Semetey"]
[Black "Jospem"]
[Result "0-1"]
[WhiteElo "2520"]
[BlackElo "3079"]
[TimeControl "180+1"]
[EndTime "14:07:13 PDT"]
[Termination "Jospem won on time"]

1. a3 d5 2. d4 Nf6 3. Nc3 Bf5 4.
Bf4 a6 5. e3 e6 6. f3 h5 7. Bd3 Bxd3 8. Qxd3 Nbd7 9. Nge2 c5 10. O-O Be7 11. Kh1 O-O 12. Rad1 Qb6 13. Na4 Qc6 14.
Nac3 Rac8 15. e4 Rfe8 16. e5 Nh7 17. Be3 cxd4 18. Nxd4 Qc4 19. f4 Qxd3 20. cxd3 Nhf8 21. Rc1 Nc5 22. Rfd1 g6 23. b4 Ncd7 24. Nb3 f6 25. Bd4 fxe5 26. fxe5 g5 27. Na4 Ng6 28. Nac5 Bxc5 29.
Nxc5 Nxc5 30. bxc5 Rf8 31. Rb1 Rf7 32. g3 h4 33. Kg2 g4 34. Rb2 h3+ 35. Kg1 Rcc7 36. Rf2 Ne7 37. Rxf7 Kxf7 38. Bf2 Nc6 39. d4 Kg6 40.
Kf1 Rf7 41. Ke2 Rf3 42. Be3 Kf5 43. Kd3 Na5 44. Ke2 Nc4 45. Bc1 Ke4 46. a4 Rc3 47. Re1 Kxd4 48. Kf2 Kxc5 49. Bf4 d4 50. Rb1 b5 51. axb5 axb5 52. Ra1 Ra3 53. Rc1 Kd5 54. Rd1 d3 55. Rb1 Ra2+ 56. Kg1 Rb2 57. Rd1 Kd4 58. Kh1 b4 59. Bh6 b3 60.
Bf8 Rc2 61. Bb4 b2 0-1

[Event "Late-Titled-Tuesday-Blitz-October-24-2023"]
[Site "Chess.com"]
[Date "2023.10.24"]
[Round "1"]
[White "jcibarra"]
[Black "whiteglovethief"]
[Result "1-0"]
[WhiteElo "2919"]
[BlackElo "2509"]
[TimeControl "180+1"]
[EndTime "14:07:13 PDT"]
[Termination "jcibarra won by resignation"]

1. e4 e6 2. d4 d5 3. Nc3 Bb4 4. e5 c5 5. Qg4 Ne7 6. dxc5 Nbc6 7.
Bd2 Bxc5 8. Nf3 Ng6 9. Qh5 Bd7 10.
O-O-O h6 11. Bd3 Nce7 12. Kb1 a6 13. Be3 Qa5 14. Ne2 Bxe3 15. fxe3 O-O-O 16. Rhf1 Rhf8 17. Ned4 Kb8 18. Qg4 Rc8 19. h4 Nc6 20. Bxg6 fxg6 21. Qxg6 Rxf3 22. gxf3 Nxe5 23. Qxg7 Qc7 24. b3 h5 25. Rf2 Ka7 26. Rfd2 Qd6 27. Qg1 Bc6 28. e4 Ka8 29. exd5 exd5 30. Re2 Qf6 31. Qg5 Qxg5 32. hxg5 Ng6 33. Re6 Nf4 34. Rf6 Ng2 35. g6 Rg8 36.
Rg1 Ne3 37. g7 Ka7 38. Rf8 1-0

[Event "Late-Titled-Tuesday-Blitz-October-24-2023"]
[Site "Chess.com"]
[Date "2023.10.24"]
[Round "1"]
[White "esskeettit"]
[Black "ContrVersia"]
[Result "0-1"]
[WhiteElo "2491"]
[BlackElo "2864"]
[TimeControl "180+1"]
[EndTime "14:07:15 PDT"]
[Termination "ContrVersia won on time"]

1. d4 Nf6 2. c4 e6 3. Nc3 Bb4 4. Qc2 Nc6 5. Nf3 d6 6. e3 O-O 7. Be2 e5 8. O-O Bg4 9. d5 Ne7 10. a3 Bxc3 11. Qxc3 a5 12. b3 Ng6 13. Bb2 Ne4 14. Qc2 f5 15. Ne1 Bxe2 16. Qxe2 Nc5 17.
b4 Na4 18. f3 Nxb2 19. Qxb2 Qh4 20. Rc1 axb4 21. axb4 Ra4 22. c5 Qxb4 23. Qc2 Ra5 24. cxd6 Qxd6 25. e4 fxe4 26. fxe4 Qb6+ 27. Rf2 Rxf2 28.
Qxf2 Qxf2+ 29. Kxf2 Ra2+ 30. Kf3 Ra3+ 31. Kf2 Nf4 0-1

[Event "Late-Titled-Tuesday-Blitz-October-24-2023"]
[Site "Chess.com"]
[Date "2023.10.24"]
[Round "1"]
[White "tylityli"]
[Black "TanitoluwaAps116"]
[Result "0-1"]
[WhiteElo "2331"]
[BlackElo "2639"]
[TimeControl "180+1"]
[EndTime "14:07:18 PDT"]
[Termination "TanitoluwaAps116 won on time"]

1. d4 Nf6 2. c4 e6 3. Nc3 Bb4 4. e3 O-O 5. Ne2 c6 6. a3 Ba5 7. b4 Bc7 8. f4 d5 9. c5 Nfd7 10. Ng3 f6 11. Bd3 e5 12. O-O e4 13. Be2 f5 14. b5 Nf6 15. Bd2 h6 16. a4 Nbd7 17. a5 a6 18. b6 Bb8 19. Nxf5 Nxc5 20. Nxh6+ gxh6 21. dxc5 d4 22. Bc4+ Kh7 23. Ne2 d3 24. Nd4 Bg4 25. Qe1 Nd5 26. h3 Bd7 27. Qf2 Qf6 28.
Kh1 Rg8 29. g4 Bxg4 30. hxg4 Rxg4 31. Rg1 Rh4+ 32. Kg2 Bxf4 33. Kf1 Rf8 0-1

[Event "Late-Titled-Tuesday-Blitz-October-24-2023"]
[Site "Chess.com"]
[Date "2023.10.24"]
[Round "1"]
[White "Zhbugnoimt"]
[Black "lluiss"]
[Result "0-1"]
[WhiteElo "2556"]
[BlackElo "2198"]
[TimeControl "180+1"]
[EndTime "14:07:18 PDT"]
[Termination "lluiss won by resignation"]

1. e4 c5 2. Nf3 d6 3. d4 cxd4 4.
Nxd4 Nf6 5. Nc3 g6 6. Be3 Bg7 7. f3 O-O 8. Qd2 Nc6 9. O-O-O Nxd4 10. Bxd4 Be6 11. h4 Qa5 12. a3 Rfc8 13. h5 Bc4 14. g4 Bxf1 15. Rdxf1 Rc4 16. hxg6 hxg6 17. g5 Rxd4 18. Qxd4 Nh5 19. Qb4 Qxb4 20. axb4 Ng3 21. Nd5 Nxf1 22. Rxf1 Kf8 23. f4 e6 24. Nf6 Ke7 25. e5 Bxf6 26. gxf6+ Kd7 27. Rd1 d5 28.
Rh1 Kc6 29. Rh7 Rf8 30. Kd2 d4 31. Kd3 Kd5 32. c4+ dxc3 33. bxc3 b5 34. Rh1 g5 35. Ra1 gxf4 36. Rxa7 Kxe5 37. Rb7 Kxf6 38. Rxb5 e5 39. Ke4 Re8 40. c4 Kg5 41. Rb7 f5+ 42. Kd5 f3 43. Rg7+ Kf4 44. Rg1 f2 45. Rf1 Kf3 46.
c5 Ke2 47. Rh1 f1=Q 48. Rxf1 Kxf1 49. c6 e4 50. c7 e3 51. b5 e2 52. b6 e1=Q 53.
b7 Qa5+ 54. Kc6 Qxc7+ 55. Kxc7 f4 0-1

[Event "Late-Titled-Tuesday-Blitz-October-24-2023"]
[Site "Chess.com"]
[Date "2023.10.24"]
[Round "1"]
[White "Fonsofan"]
[Black "Vamostodorecto"]
[Result "1-0"]
[WhiteElo "2747"]
[BlackElo "2424"]
[TimeControl "180+1"]
[EndTime "14:07:19 PDT"]
[Termination "Fonsofan won on time"]

1. e4 g6 2. d4 Bg7 3. c3 d6 4. Bd3 a6 5. Nf3 b5 6. a4 bxa4 7. Qxa4+ Nd7 8. O-O Bb7 9. Re1 e5 10. Nbd2 Ne7 11. Nc4 O-O 12. Na5 Bc8 13. h3 Nb6 14. Qc2 c5 15. dxc5 dxc5 16. Be3 Qc7 17. Nd2 Be6 18. Ndc4 Nxc4 19. Bxc4 Nc6 20. Bxe6 Nxa5 21. Bd5 Rab8 22. Qa4 Nb7 23. Qxa6 Nd6 24. Re2 Kh8 25. Qa5 Qxa5 26. Rxa5 c4 27. Bc5 Rfd8 28. Bxd6 Rxd6 29. Bxf7 Rd1+ 30. Kh2 Rb1 31. Bxc4 Bh6 32.
b3 Rc1 33. g3 Rxc3 34. Rxe5 Bg7 35. Rd5 h5 36. h4 Re8 37. e5 Rf3 38. Kg2 Rf5 39. f4 Rf7 40. Rd6 Rc7 41. Rxg6 Kh7 42.
Rg5 Kh6 43. Bd3 Re6 44. Rc2 Rb7 45. Bc4 Rg6 46. Be2 Rxg5 47. hxg5+ Kg6 48. Bd3+ Kf7 49. Bc4+ Kg6 50. Bd3+ Kf7 51. Rc8 Ke7 52. Bc4 1-0

[Event "Late-Titled-Tuesday-Blitz-October-24-2023"]
[Site "Chess.com"]
[Date "2023.10.24"]
[Round "1"]
[White "mr_gustavo"]
[Black "bylavochka"]
[Result "1-0"]
[WhiteElo "2648"]
[BlackElo "2338"]
[TimeControl "180+1"]
[EndTime "14:07:20 PDT"]
[Termination "mr_gustavo won on time"]

1. Nf3 Nf6 2. d4 g6 3. Nbd2 d5 4. b4 Bg7 5. e3 O-O 6. Bb2 a5 7. b5 a4 8. Ba3 Re8 9. c4 Nbd7 10. Be2 e5 11. dxe5 Nxe5 12. Nxe5 Rxe5 13. Nf3 Re8 14. Bb2 a3 15. Bd4 dxc4 16. Bxc4 Be6 17. Bxe6 Rxe6 18.
O-O Ne4 19. Qc2 c5 20. bxc6 bxc6 21. Rfd1 Qa5 22. Bxg7 Kxg7 23. Nd4 Ree8 24. Nxc6 Qc7 25. Rac1 Rac8 26. Qb3 Re6 27. f3 Rxc6 28. Rxc6 Qxc6 29. fxe4 Qxe4 30. Rf1 f5 31. h3 Rc2 32. Rf2 Rxf2 33. Kxf2 Qe7 34. Qc3+ Kf7 35. Qc4+ Kf6 36. Qd4+ Qe5 37. Qb6+ Kg5 38. Qd8+ Kh6 39. Qf8+ Qg7 40.
Qxa3 Qe5 41. Qf8+ Kh5 42. Qb4 g5 43. a4 f4 44. exf4 gxf4 45. Qb3 Kg6 46. Kg1 Kf5 47. Qc2+ 1-0

[Event "Late-Titled-Tuesday-Blitz-October-24-2023"]
[Site "Chess.com"]
[Date "2023.10.24"]
[Round "1"]
[White "matagordo"]
[Black "meoluoi91"]
[Result "1-0"]
[WhiteElo "2292"]
[BlackElo "2590"]
[TimeControl "180+1"]
[EndTime "14:07:21 PDT"]
[Termination "matagordo won on time"]

1. d4 d5 2. Bf4 Nf6 3. e3 e6 4. Nf3 Bd6 5. Ne5 Nbd7 6. Bd3 O-O 7. Nd2 Qe7 8. Qf3 c5 9. c3 Ne8 10. Qh3 f5 11. g4 Nxe5 12. dxe5 Bc7 13. gxf5 exf5 14. Rg1 Bxe5 15. Bh6 Kh8 16. Bg5 Qf7 17.
O-O-O Nd6 18. Nf3 Bf6 19. Rg2 Ne4 20. Rdg1 g6 21. Bxf6+ Nxf6 22. Qh6 Ng4 23. Qh4 d4 24. h3 dxc3 25. hxg4 Qxa2 26. bxc3 Qa1+ 27. Kd2 Qb2+ 28.
Ke1 Qxc3+ 29. Nd2 Qxd3 30. Rh1 Qd7 31. gxf5 Rxf5 32. Rxg6 1-0

[Event "Late-Titled-Tuesday-Blitz-October-24-2023"]
[Site "Chess.com"]
[Date "2023.10.24"]
[Round "1"]
[White "weakandslowchess"]
[Black "jaskol95"]
[Result "0-1"]
[WhiteElo "2021"]
[BlackElo "2546"]
[TimeControl "180+1"]
[EndTime "14:07:23 PDT"]
[Termination "jaskol95 won by resignation"]

1. Nf3 d5 2. g3 Nd7 3. Bg2 e5 4. d4 e4 5. Nfd2 f5 6. O-O Ngf6 7. e3 c6 8. c4 Be7 9. Nc3 O-O 10. Qb3 Qb6 11. cxd5 Qxb3 12. Nxb3 cxd5 13. Nb5 Nb6 14. a4 Bd7 15. Nc3 Nc4 16. Nd2 Rac8 17. Nxc4 Rxc4 18.
Bd2 Rfc8 19. Rfb1 a6 20. Bf1 R4c7 21. Rc1 Be6 22. Ne2 g5 23. Rxc7 Rxc7 24. Rc1 Rxc1 25.
Nxc1 Kf7 26. b4 Bd7 27. b5 axb5 28. axb5 Ne8 29. Nb3 Nc7 30. b6 Na8 31. Na5 Bc8 32. Ba6 bxa6 33. b7 Bxb7 34. Nxb7 Ke6 35. Kf1 Kd7 36.
Ke1 Kc6 37. Na5+ Kb5 38. Kd1 Nb6 39. Kc2 Nc4 40. Bc3 Nxa5 41. Bxa5 Kxa5 42. h4 gxh4 43. gxh4 Bxh4 0-1